 Dungeon Crawl Stone Soup version 0.28.0-43-g3370ac3207 (webtiles) character file.

Game seed: 8683492691083612074

93 terff the Sneak (level 4, -5/30 HPs)
             Began as an Octopode Brigand on Mar 21, 2022.
             Was an Initiate of Dithmenos.
             Slain by Sigmund
             ... wielding a +0 scythe
              (14 damage)
             ... on level 2 of the Dungeon.
             The game lasted 00:04:14 (1675 turns).

terff the Sneak (Octopode Brigand)                  Turns: 1675, Time: 00:04:14

Health: -5/30      AC:  1    Str: 10    XL:     4   Next: 62%
Magic:  4/4        EV: 13    Int: 13    God:    Dithmenos [......]
Gold:   69         SH:  0    Dex: 15    Spells: 3/3 levels left

rFire   . . .      SeeInvis .   h - +5 short sword of Vuru {flame, +Blink}
rCold   . . .      Faith    .   (no shield)
rNeg    . . .      Spirit   .   (helmet restricted)
rPois   .          Reflect  .   (no amulet)
rElec   .          Harm     .   (no ring)
rCorr   .          Rampage  .   (no ring)
Will    .....                   (no ring)
Stlth   ++++......              (no ring)
HPRegen 0.10/turn               (no ring)
MPRegen 0.09/turn               (no ring)
                                (no ring)
                                (no ring)

@: no status effects
A: almost no armour, amphibious, 8 rings, camouflage 1, gelatinous body 1,
(nimble swimmer 1), tentacles
a: Renounce Religion, Evoke Blink


You were on level 2 of the Dungeon.
You worshipped Dithmenos.
Dithmenos was noncommittal.
You visited 1 branch of the dungeon, and saw 3 of its levels.

You collected 69 gold pieces.

Inventory:

Hand Weapons
 a - a +2 dagger
 h - the +5 short sword of Vuru (weapon) {flame, +Blink}
   (You found it on level 2 of the Dungeon)

   It burns those it strikes, dealing additional fire damage.
   +Blink:    It lets you blink.
Missiles
 b - 8 poisoned darts (quivered)
 c - 2 curare-tipped darts
Scrolls
 g - 2 scrolls of amnesia
Potions
 d - a potion of brilliance {unknown}
 e - 2 potions of heal wounds {unknown}
 f - a potion of mutation {unknown}


   Skills:
 + Level 2.4 Fighting
 + Level 2.8 Short Blades
 - Level 2.1 Throwing
 + Level 1.4 Dodging
 + Level 6.9 Stealth


You had 3 spell levels left.
You didn't know any spells.
Your spell library was empty.

Dungeon Overview and Level Annotations

Branches:
Dungeon (3/15)

Altars:
Dithmenos
Vehumet

Annotations:
D:2 Sigmund


Innate Abilities, Weirdness & Mutations

You cannot wear most types of armour.
You are amphibious.
You can wear up to eight rings at the same time.
Your skin changes colour to match your surroundings (Stealth+).
Your rubbery body absorbs attacks. (AC +1, EV +1)
((You are camouflaged when in or above water. (Stealth+)))
You have tentacles for arms and can constrict up to eight enemies at once.


Message History

Things that are here:
a +0 hand axe; 3 stones
Things that are here:
5 stones; a +1 dagger of electrocution
There is a stone staircase leading down, spattered with blood here.
Things that are here:
a +0 club; a goblin corpse You see here a +0 hunting sling.
You hit Robin but do no damage. You grab Robin. You squeeze Robin.
Robin is lightly wounded.
You constrict Robin. Robin completely misses you.
You hit Robin. You burn Robin.
Robin is heavily wounded.
You constrict Robin. Robin hits you with a +0 club.
You hit Robin. You burn Robin.
You kill Robin!
Dithmenos accepts your kill.
e - 2 murky red potions (gained 1)
Items here: ) [[ †.
You see here a +0 club.
As you read the scroll labelled HITWOMNAOGE, it crumbles to dust.
You assume a fearsome visage.
Nothing appears to happen.
It was a scroll of fear.
As you read the scroll labelled VEYHEPSIOZA, it crumbles to dust.
You hear a loud clanging noise!
It was a scroll of noise.
You hear a shout!
You hear an angry hiss.
You hear a shout!
Sigmund mumbles some strange words.
Sigmund flickers and vanishes!
Deactivating autopickup; reactivate with Ctrl-A.
A puff of flame appears from out of thin air!
The puff of flame hits you!
You are confused.
You're too confused to move!
Something hits you.
* * * LOW HITPOINT WARNING * * *
You feel less confused.
A ball python comes into view.
There is a stone staircase leading down, spattered with blood here.
Something hits you!
You die...

###.. ... # #.... #.#
#.#.#.# #.# #.#.#.# #.# #
#...#.###########.####
###.............#.#...
#.....†...........#)..
#####.#.)@.(..)......)÷...
........#)..........###...
#####.#.#.########### #...
......#.#)## #...
##...)...# #... #.......#
#... ###...._..# ####
#.........# # #.#.#.....#


There were no monsters in sight!

Vanquished Creatures
  Jessica (D:2)
  Robin (D:2)
  2 dart slugs
  4 ball pythons
  3 bats
  3 endoplasms
  A giant cockroach (D:1)
  14 goblins
  4 hobgoblins
  5 jackals (D:1)
  6 kobolds
  4 rats (D:1)
48 creatures vanquished.

Notes
Turn   | Place    | Note
-------+----------+-------------------------------------------
     0 | D:1      | terff the Octopode Brigand began the quest for the Orb.
     0 | D:1      | Reached XP level 1. HP: 14/14 MP: 1/1
   402 | D:1      | Reached XP level 2. HP: 19/19 MP: 2/2
   510 | D:1      | Reached skill level 6 in Stealth
   631 | D:1      | Found a faded altar of an unknown god.
   643 | D:1      | Reached XP level 3. HP: 16/24 MP: 3/3
   747 | D:1      | You fall into a shaft and drop 1 floor!
   747 | D:2      | Noticed Jessica
   747 | D:2      | Found a shadowy altar of Dithmenos.
   752 | D:2      | Killed Jessica
   763 | D:2      | Became a worshipper of Dithmenos the Shadowed
   849 | D:2      | Identified the +5 short sword of Vuru {flame, +Blink}
  1042 | D:2      | Reached XP level 4. HP: 30/30 MP: 4/4
  1118 | D:2      | Noticed Sigmund
  1253 | D:2      | Noticed Robin
  1278 | D:3      | Found a radiant altar of Vehumet.
  1644 | D:2      | Killed Robin
  1675 | D:2      | Slain by Sigmund

Illustrated notes

Levels and vault maps discovered:
D:1:      wander_arrival_estate, layout_basic,
          shapermc_ecumenical_altar_mp_highgroup, serial_shops, shop
D:2:      layout_basic, basic_altar, chequers_serial_rivers_small_a,
          uniq_jessica, uniq_sigmund, uniq_robin
D:3:      layout_rooms, nicolae_uskayaw_murder_on_the_dancefloor,
          overflow_temple_1_default, serial_shops,
          nicolae_shop_temple_entry_statues_fountains

Skill      XL: |  1  2 |
---------------+-------+-----
Stealth        | 6 |  6.9
Fighting       | |  2.4
Short Blades   | |  2.8
Throwing       | |  2.1
Dodging        | |  1.4

Action                   |  1- 3 |  4- 6 || total
-------------------------+-------+-------++-------
Melee: Dagger            |    41 |       ||    41
       Constrict         |     9 |     5 ||    14
       Short sword       |     7 |    30 ||    37
       Tentacles         |     4 |     1 ||     5
  Use: Scroll            |     1 |     3 ||     4
 Stab: Sleeping          |     9 |     2 ||    11
Armor: Skin              |     2 |     3 ||     5
Dodge: Dodged            |    25 |    33 ||    58
